 Dungeon Crawl Stone Soup version 0.28-a0-683-ga8797d1ae1 (webtiles) character file.

Game seed: 6752473934159263004

109 mordus the Shield-Bearer (level 5, 0/41 HPs)
             Began as a Formicid Fighter on Oct 18, 2021.
             Slain by Crazy Yiuf (8 damage)
             ... on level 3 of the Dungeon.
             The game lasted 00:04:44 (2697 turns).

mordus the Shield-Bearer (Formicid Fighter)         Turns: 2697, Time: 00:04:46

Health: 0/41       AC: 10    Str: 21    XL:     5   Next: 13%
Magic:  5/5        EV:  6    Int:  8    God:
Gold:   103        SH: 13    Dex: 10    Spells: 4/4 levels left

rFire   . . .      SeeInvis +   a - +1 flail
rCold   . . .      Faith    .   g - +1 tower shield {AC+3}
rNeg    . . .      Spirit   .   b - +0 scale mail
rPois   .          Reflect  .   (helmet unavailable)
rElec   .          Harm     .   (no cloak)
rCorr   .          Rampage  .   (no gloves)
Will    .....                   (no boots)
Stlth   ..........              (no amulet)
HPRegen 0.13/turn               (no ring)
MPRegen 0.09/turn               (no ring)

@: lethally poisoned (0 -> -8)
A: permanent stasis, dig shafts and tunnels, antennae 3, four strong arms
a: Dig, Shaft Self


You were on level 3 of the Dungeon.
You visited 1 branch of the dungeon, and saw 3 of its levels.

You collected 103 gold pieces.

Inventory:

Hand Weapons
 a - a +1 flail (weapon)
Armour
 b - a +0 scale mail (worn)
 c - a +0 buckler
 g - a +1 tower shield of protection (worn)
Scrolls
 h - a scroll of enchant armour {unknown}
Potions
 d - 2 potions of might
 e - 3 potions of curing
 f - a potion of mutation
 k - a potion of magic {unknown}
 n - a potion of lignification {unknown}


   Skills:
 - Level 3.2 Fighting
 * Level 3.7 Maces & Flails
 + Level 4.1 Armour
 + Level 4.5 Shields


You had 4 spell levels left.
You didn't know any spells.
Your spell library was empty.

Dungeon Overview and Level Annotations

Branches:
Dungeon (3/15)

Altars:
Kikubaaqudgha
Ru

Annotations:
D:3 Crazy Yiuf


Innate Abilities, Weirdness & Mutations

You cannot be hasted, slowed, berserked, paralysed or teleported.
You can dig through walls and to a lower floor.
You have a pair of large antennae on your head. (SInv)
Your four strong arms can wield two-handed weapons with a shield.


Message History

There is a stone staircase leading up here.
There is an escape hatch in the floor here.
Key pressed, stopping explore.
No target in view!
No reachable target in view!
No reachable target in view!
Could not explore, unopened runed door.
No reachable target in view!
Key pressed, stopping explore.
No reachable target in view!
No reachable target in view!
No reachable target in view!
You open the door. You barely miss Crazy Yiuf. You block Crazy Yiuf's attack.
Your shield and scale mail prevent you from hitting Crazy Yiuf.
Crazy Yiuf grits, "Goober green sing-song!"
You block Crazy Yiuf's attack.
Crazy Yiuf hits you with a +3 quarterstaff of chaos.
You are electrocuted!
You are too injured to fight recklessly!
You are too injured to fight recklessly!
You sock Crazy Yiuf!
Crazy Yiuf is heavily wounded.
You block Crazy Yiuf's attack.
You hit Crazy Yiuf.
Crazy Yiuf is severely wounded.
Crazy Yiuf hits you with a +3 quarterstaff of chaos.
Crazy Yiuf freezes you. Crazy Yiuf hits you but does no damage.
Your shield and scale mail prevent you from hitting Crazy Yiuf.
Crazy Yiuf is severely wounded.
Crazy Yiuf hits you with a +3 quarterstaff of chaos.
You are lethally poisoned!
Crazy Yiuf closely misses you.
You hit Crazy Yiuf but do no damage.
Crazy Yiuf is severely wounded.
* * * LOW HITPOINT WARNING * * *
You feel very sick.
Crazy Yiuf cries, "Mugger sanguine cower!"
Crazy Yiuf hits you with a +3 quarterstaff of chaos!
You die...

#.##........##.........
#.##........##.........
#.##........##........#
###############.......#
#.......#
♣♣♣♣♣##.#######
###**♣♣♣.♣...#..#
#...#♣..♣.......#
#...g@♣♣♣♣......#
#)..#♣♣ ♣♣♣.#.## ###**
♣####


You could see Crazy Yiuf.

Vanquished Creatures
  Jessica (D:2)
  Natasha (D:2)
  2 adders
  A dart slug (D:1)
  A worm (D:3)
  2 orcs (D:3)
  3 ball pythons
  4 endoplasms
  2 giant cockroaches
  2 hobgoblins
  2 jackals (D:3)
  4 kobolds
  2 quokkas
  3 bats
  4 frilled lizards
  3 rats
37 creatures vanquished.

Notes
Turn   | Place    | Note
-------+----------+-------------------------------------------
     0 | D:1      | mordus the Formicid Fighter began the quest for the Orb.
     0 | D:1      | Reached XP level 1. HP: 18/18 MP: 1/1
   317 | D:1      | Reached XP level 2. HP: 21/24 MP: 2/2
  1125 | D:2      | Reached XP level 3. HP: 29/29 MP: 3/3
  1189 | D:2      | Noticed Jessica
  1196 | D:2      | Killed Jessica
  1199 | D:2      | Identified a scroll of acquirement
  1199 | D:2      | Acquired a +1 tower shield of protection
  1297 | D:2      | Reached XP level 4. HP: 35/35 MP: 4/4
  1728 | D:2      | Noticed Natasha
  1740 | D:2      | Killed Natasha
  2099 | D:3      | Found an ancient bone altar of Kikubaaqudgha.
  2179 | D:3      | Reached XP level 5. HP: 40/41 MP: 5/5
  2416 | D:3      | Found a runed translucent door.
  2417 | D:3      | Noticed Crazy Yiuf
  2559 | D:3      | Found a sacrificial altar of Ru.
  2697 | D:3      | Slain by Crazy Yiuf

Illustrated notes

Levels and vault maps discovered:
D:1:      minmay_arrival_four_circles, layout_basic
D:2:      layout_basic, uniq_natasha, uniq_jessica
D:3:      layout_basic, nicolae_kikubaaqudgha_miasma_corner,
          nicolae_ru_path_of_blood, uniq_crazy_yiuf_cottage

Skill      XL: |  1  2  3  4 |
---------------+-------------+-----
Maces & Flails | 3 |  3.7
Shields        | 4 |  4.5
Armour         | 4 |  4.1
Fighting       | |  3.2

Action                   |  1- 3 |  4- 6 || total
-------------------------+-------+-------++-------
Melee: Flail             |    56 |   104 ||   160
  Use: Scroll            |     2 |     7 ||     9
Armor: Scale mail        |    33 |    36 ||    69
Dodge: Dodged            |    21 |    24 ||    45
Block: Buckler           |    10 |       ||    10
       Tower shield      |       |    91 ||    91

Table legend: (Time is in decaauts)
 A = Elapsed time spent in this place.
 B = Non-inter-level travel time spent in this place.
 C = Inter-level travel time spent in this place.
 D = Time resting spent in this place.
 E = Time spent auto-exploring this place.
 F = Levels seen in this place.
 G = Mean time per level.
                   A        B        C        D        E       F      G
               +--------+--------+--------+--------+--------+-----+--------+
         Total |   2771 |   2682 |     89 |     52 |   2223 |   3 |  923.7 |
       Dungeon |   2771 |   2682 |     89 |     52 |   2223 |   3 |  923.7 |
               +--------+--------+--------+--------+--------+-----+--------+

Top non-repeatable levels by time:
     D:1: 1036 daAuts
     D:2: 913 daAuts
     D:3: 821 daAuts
